 Dungeon Crawl Stone Soup version 0.22-a0-456-g11ed031 (webtiles) character file.

1999 jerryfan the Covert (level 9, 0/54 HPs)
             Began as a Halfling Gladiator on June 7, 2018.
             Was a Follower of Dithmenos.
             Slain by an iron imp (10 damage)
             ... summoned by Eustachio
             ... on level 6 of the Dungeon.
             The game lasted 00:20:41 (4586 turns).

jerryfan the Covert (Halfling Gladiator)            Turns: 4586, Time: 00:20:41

Health: 0/54       AC:  5    Str: 15    XL:     9   Next: 45%
Magic:  10/10      EV: 25    Int:  6    God:    Dithmenos [*.....]
Gold:   253        SH:  0    Dex: 24    Spells: 8/8 levels left

rFire    . . .     SeeInvis .   a - +0 rapier
rCold    . . .     Gourm    .   (shield restricted)
rNeg     . . .     Faith    .   b - +0 leather armour
rPois    .         Spirit   .   c - +0 helmet
rElec    .         Reflect  .   (no cloak)
rCorr    +         Harm     .   r - +0 pair of gloves
MR       .....                  (no boots)
Stlth    ++++++....             (no amulet)
HPRegen  0.18/turn              h - ring of resist corrosion
MPRegen  0.12/turn              (no ring)

@: agile, very slightly contaminated, wreathed by umbra
A: small, mutation resistance 1
a: Renounce Religion


You were on level 6 of the Dungeon.
You worshipped Dithmenos.
Dithmenos was aware of your devotion.
You were not hungry.

You visited 2 branches of the dungeon, and saw 7 of its levels.

You collected 253 gold pieces.

Inventory:

Hand Weapons
 a - a +0 rapier (weapon)
 m - a cursed -2 dagger
 y - a +1 short sword of electrocution
 B - a +0 shortbow
Missiles
 k - 63 stones (quivered)
 n - 9 poisoned needles
 C - 21 arrows
Armour
 b - a +0 leather armour (worn)
 c - a +0 helmet (worn)
 r - a +0 pair of gloves (worn)
Jewellery
 h - a ring of resist corrosion (left hand)
 i - a cursed +5 amulet of reflection {unknown}
 u - an uncursed amulet of magic regeneration {unknown}
Wands
 x - a wand of flame (7)
Scrolls
 d - a scroll of identify
 j - 2 scrolls of teleportation
 p - a scroll of immolation
 w - a scroll of amnesia {unknown}
 A - a scroll of enchant weapon {unknown}
Potions
 e - a potion of curing
 g - a potion of degeneration
 l - a potion of cancellation {unknown}
 s - a potion of flight {unknown}
 v - a potion of lignification {unknown}
 z - a potion of might {unknown}
Comestibles
 f - 7 rations
 t - 5 chunks of flesh


   Skills:
 - Level 1.8 Fighting
 + Level 7.1 Short Blades
 + Level 5.4 Throwing
 + Level 6.5 Dodging
 * Level 8.6 Stealth
 + Level 2.0 Evocations


You had 8 spell levels left.
You didn't know any spells.
Your spell library was empty.

Dungeon Overview and Level Annotations

Branches:
Dungeon (6/15)             Temple (1/1) D:4

Altars:
Ashenzari
Dithmenos
Elyvilon
Fedhas
Gozag
Hepliaklqana
Kikubaaqudgha
Makhleb
Nemelex Xobeh
Okawaru
Sif Muna
Trog
Wu Jian
Xom
Yredelemnul
The Shining One

Annotations:
D:6 Eustachio


Innate Abilities, Weirdness & Mutations

You are small and have problems with some larger weapons.
You are somewhat resistant to further mutation.


Message History

Eustachio is severely wounded.
The crimson imp disappears in a puff of smoke!
The bat hits you. The bat closely misses you. The bat completely misses you.
The iron imp hits you but does no damage.
The rat closely misses you. Eustachio hits you with a rapier.
You closely miss Eustachio.
Eustachio is severely wounded.
The bat misses you. The bat closely misses you. The iron imp hits you!
* * * LOW HITPOINT WARNING * * *
The rat barely misses you.
You feel agile all of a sudden. The bat hits you but does no damage.
The bat misses you. The bat closely misses you.
The crimson imp blinks!
The bat completely misses you. Eustachio hits you but does no damage.
The rat completely misses you.
You hit Eustachio.
Eustachio is almost dead.
The bat misses you. The bat completely misses you. The bat closely misses you.
The iron imp hits you!
You die...

........#######.#
........## #. .........# #.
.......#.# ##.###
########.# #....#
########.# #....#
.........# #....#
########.# #..@b####### #.#
#..@bb.....# #.#
##5#r......# #.#
##.#.......#
#.#####..........#
####)...##..#5......# #
#.[...#.##.....#......
#####.#...#รท##....####....
..#......##...............
..#.....##.###..######....


You could see Eustachio, an iron imp, a crimson imp, 3 bats and a rat.

Vanquished Creatures
  The ghost of anything the Quickloader, a novice OpHu of Okawaru (D:5)
  Grinder (D:3)
  Sigmund (D:2)
  Edmund (D:6)
  A sky beast (D:6)
  2 orc warriors
  An ice beast (D:5)
  2 ogres
  A phantom (D:6)
  A centaur (D:6)
  Blork the orc (D:6)
  A bullfrog (D:6)
  2 hounds
  An orc priest (D:6)
  2 centaur skeletons
  2 worker ants
  An adder (D:2)
  3 gnolls (D:5)
  2 oozes
  A worm (D:3)
  2 dart slugs
  3 leopard geckos
  15 orcs
  3 ball pythons
  8 bats
  3 giant cockroaches
  5 goblins
  6 hobgoblins
  3 jackals (D:5)
  14 kobolds
  A quokka (D:4)
  3 frilled lizards
  2 leopard gecko skeletons
  7 rats
103 creatures vanquished.

Vanquished Creatures (others)
  A human (D:4)
1 creature vanquished.

Grand Total: 104 creatures vanquished

Notes
Turn   | Place    | Note
-------+----------+-------------------------------------------
     0 | D:1      | jerryfan the Halfling Gladiator began the quest for the Orb.
     0 | D:1      | Reached XP level 1. HP: 14/14 MP: 1/1
   182 | D:1      | Reached XP level 2. HP: 19/19 MP: 2/2
   327 | D:1      | Reached skill level 1 in Stealth
   603 | D:1      | Reached XP level 3. HP: 24/24 MP: 3/3
   745 | D:2      | Found a sparkling altar of Nemelex Xobeh.
   929 | D:2      | Noticed Sigmund
   956 | D:2      | Killed Sigmund
   956 | D:2      | Reached skill level 3 in Stealth
   956 | D:2      | Reached XP level 4. HP: 27/29 MP: 4/4
   956 | D:2      | Reached XP level 5. HP: 32/34 MP: 5/5
  1073 | D:2      | Reached XP level 6. HP: 38/39 MP: 6/6
  1440 | D:3      | Reached skill level 4 in Stealth
  1496 | D:3      | Noticed an orc warrior
  1803 | D:3      | Noticed Grinder
  1824 | D:3      | Paralysed by Grinder for 2 turns
  1833 | D:3      | Paralysed by Grinder for 5 turns
  1843 | D:3      | Killed Grinder
  1843 | D:3      | Reached skill level 5 in Short Blades
  1843 | D:3      | Reached skill level 5 in Stealth
  1843 | D:3      | Reached XP level 7. HP: 29/44 MP: 7/7
  1910 | D:3      | Found a faded altar of an unknown god.
  2294 | D:4      | Reached skill level 5 in Dodging
  2441 | D:4      | Found an ancient bone altar of Kikubaaqudgha.
  2442 | D:4      | Noticed a human
  2444 | D:4      | Killed a human
  2811 | D:4      | Found a staircase to the Ecumenical Temple.
  2827 | Temple   | Entered the Ecumenical Temple
  2893 | Temple   | Became a worshipper of Dithmenos the Shadowed
  2981 | D:5      | Entered Level 5 of the Dungeon
  3032 | D:5      | Found a burning altar of Makhleb.
  3104 | D:5      | Noticed anything's ghost (novice OpHu)
  3132 | D:5      | Reached XP level 8. HP: 50/50 MP: 8/8
  3209 | D:5      | Killed anything's ghost
  3209 | D:5      | Reached skill level 6 in Stealth
  3493 | D:5      | Reached skill level 7 in Stealth
  3840 | D:6      | Noticed Blork the orc
  3845 | D:6      | Killed Blork the orc
  3864 | D:6      | Noticed Edmund
  3877 | D:6      | Reached skill level 5 in Throwing
  3877 | D:6      | Reached XP level 9. HP: 32/54 MP: 9/9
  3896 | D:6      | Killed Edmund
  3896 | D:6      | Reached skill level 1 in Evocations
  3935 | D:6      | Reached skill level 8 in Stealth
  4182 | D:6      | Found a shattered altar of Ashenzari.
  4483 | D:6      | Noticed Eustachio
  4497 | D:6      | Reached * piety under Dithmenos
  4586 | D:6      | Slain by an iron imp

Vault maps used:
D:1:      minmay_arrival_hallway
D:2:      nemelex_altar_shiori, uniq_sigmund
D:3:      chequers_ecumenical_altar_grove, uniq_grinder
D:4:      minmay_temple_entry_nine_rooms, tgw_kikubaaqudgha
D:5:      first_ration, basic_altar, minmay_misc_feat_doors
D:6:      nicolae_ashenzari_panopticon, uniq_eustachio, uniq_edmund,
          uniq_blork_the_orc
Temple:   eino_narrow_crystal_temple

Skill      XL: |  1  2  3  4  5  6  7  8  9 |
---------------+----------------------------+-----
Stealth        | 1 3 5 7 8 |  8.6
Short Blades   | 4 5 6 7 |  7.1
Throwing       | 3 4 5 |  5.4
Dodging        | 4 5 6 |  6.5
Evocations     | 2 |  2.0
Fighting       | |  1.8

Action                   |  1- 3 |  4- 6 |  7- 9 || total
-------------------------+-------+-------+-------++-------
Melee: Rapier            |    60 |   115 |   228 ||   403
Throw: Throwing net      |       |     3 |     5 ||     8
       Stone             |       |       |     7 ||     7
Evoke: Wand              |       |       |    22 ||    22
  Use: Scroll            |     3 |     1 |     2 ||     6
       Potion            |     2 |     3 |     4 ||     9
 Stab: Sleeping          |     1 |     2 |     7 ||    10
       Held in net/web   |       |       |     2 ||     2
       Distracted        |       |       |     1 ||     1
  Eat: Chunk             |       |     3 |     9 ||    12
Armor: Leather armour    |     8 |    25 |    38 ||    71
Dodge: Dodged            |    32 |   126 |   212 ||   370

Table legend:
 A = Spawn XP
 B = Non-spawn XP
 C = Spawn XP percentage of total XP
 D = Spawn monster count
 E = Non-spawn monster count
 F = Spawn count percentage of total count
 G = Total turns spent on level
                    A         B        C        D         E        F      G
               +---------+---------+-------+---------+---------+-------+---------
         Total |       0 |    2856 |   0.0 |       0 |     103 |   0.0 |  4586
               +---------+---------+-------+---------+---------+-------+---------
           D:1 |       0 |      30 |   0.0 |       0 |      17 |   0.0 |   697
           D:2 |       0 |     255 |   0.0 |       0 |      16 |   0.0 |   687
           D:3 |       0 |     523 |   0.0 |       0 |      30 |   0.0 |   883
           D:4 |       0 |      65 |   0.0 |       0 |      12 |   0.0 |   639
           D:5 |       0 |     884 |   0.0 |       0 |      12 |   0.0 |   859
           D:6 |       0 |    1099 |   0.0 |       0 |      16 |   0.0 |   746
               +---------+---------+-------+---------+---------+-------+---------
